 Dungeon Crawl Stone Soup version 0.23.0 (webtiles) character file.

Game seed: 7426950949364462196

8 misha the Chiller (level 2, 0/22 HPs)
             Began as a Draconian Ice Elementalist on Feb 16, 2019.
             Slain by a leopard gecko (4 damage)
             ... on level 1 of the Dungeon.
             The game lasted 00:03:23 (1123 turns).

misha the Chiller (Draconian Ice Elementalist)      Turns: 1123, Time: 00:03:24

Health: 0/22       AC:  5    Str: 10    XL:     2   Next: 0%
Magic:  5/5        EV: 12    Int: 15    God:
Gold:   37         SH:  0    Dex: 11    Spells: 4/5 levels left

rFire    . . .     SeeInvis .   f - +0 dagger
rCold    . . .     Gourm    .   (no shield)
rNeg     . . .     Faith    .   (armour unavailable)
rPois    .         Spirit   .   (helmet restricted)
rElec    .         Reflect  .   (no cloak)
rCorr    .         Harm     .   i - +0 pair of gloves
MR       .....                  (no boots)
Stlth    ++........             (no amulet)
HPRegen  0.07/turn              (no ring)
MPRegen  0.09/turn              (no ring)

@: no status effects
A: unfitting armour, cold-blooded, AC +4
a: no special abilities


You were on level 1 of the Dungeon.
You were hungry.

You visited 1 branch of the dungeon, and saw 1 of its levels.

You collected 37 gold pieces.

Inventory:

Hand Weapons
 f - a +0 dagger (weapon)
Missiles
 c - 13 bolts
 e - 18 stones (quivered)
Armour
 i - a +0 pair of gloves (worn)
Scrolls
 g - a scroll of identify {unknown}
 h - a scroll of remove curse {unknown}
Potions
 a - a potion of ambrosia {unknown}
 d - 2 potions of curing {unknown}
Comestibles
 b - 3 rations


   Skills:
 + Level 0.4 Fighting
 + Level 2.0 Dodging
 + Level 1.7 Stealth
 + Level 2.1 Spellcasting
   Level 1.0 Conjurations
 + Level 3.1 Ice Magic


You had 4 spell levels left.
You knew the following spells:

 Your Spells              Type           Power        Failure   Level  Hunger
a - Freeze                Ice            ##..         6%          1    #......

Your spell library contained the following spells:

 Spells                   Type           Power        Failure   Level  Hunger
 Throw Frost              Conj/Ice       #.....       14%         2    ###....
 Ozocubu's Armour         Chrm/Ice       #.......     34%         3    ###....
 Throw Icicle             Conj/Ice       #.......     67%         4    #####..
 Summon Ice Beast         Ice/Summ       #.......     75%         4    #####..


Dungeon Overview and Level Annotations

Branches:
Dungeon (1/15)

Altars:


Innate Abilities, Weirdness & Mutations

Your plain brown scales are hard. (AC +4)
You cannot fit into any form of body armour.
You are cold-blooded and may be slowed by cold attacks.


Message History

The bat hits you but does no damage. The bat hits you.
* * * LOW HITPOINT WARNING * * *
The bat misses you. The bat hits you but does no damage.
The bat barely misses you.
You are too injured to fight recklessly!
You are too injured to fight recklessly!
You miss the leopard gecko. The leopard gecko barely misses you.
You are too injured to fight recklessly!
You barely miss the leopard gecko. The leopard gecko closely misses you.
You are too injured to fight recklessly!
You hit the leopard gecko.
The leopard gecko is severely wounded.
The leopard gecko bites you but does no damage.
You hit the leopard gecko but do no damage.
The leopard gecko is severely wounded.
The leopard gecko bites you.
* * * LOW HITPOINT WARNING * * *
The leopard gecko bites you.
You die...

##### #### #... ..#
########.########.# ##
#...............#.#### .
#.#############.#.....
#.#.#...........#.#....†
#.#.#.####.####.#.......
#...#.#.lbg...#.#.#.....
#.#.#.#@#####.#l#.#.#### #
###.#.#.#.#...#.#.#.#.# . .#
#.#.. #.#.#.#...#.#.#.#.##
.#(###.#.###.'.#...<.#.#.g.#..#
.#>.......b#.#.#.#...#.#.#.#..#
#.. ##.#.#.#.#.#...#.#.#g#..#
#.# #.#.#.#.#.#####.#.#.#..#
#.# #.#.#.#.#.......#.#.g..#
#.# #.#...#.####.####.#.#..#


You could see a leopard gecko, a goblin and a bat.

Vanquished Creatures
  2 hobgoblins (D:1)
  A bat (D:1)
  3 kobolds (D:1)
  2 rats (D:1)
8 creatures vanquished.

Notes
Turn   | Place    | Note
-------+----------+-------------------------------------------
     0 | D:1      | misha the Draconian Ice Elementalist began the quest for
                  | the Orb.
     0 | D:1      | Reached XP level 1. HP: 14/14 MP: 3/3
  1069 | D:1      | Reached XP level 2. HP: 5/22 MP: 5/5
  1123 | D:1      | Slain by a leopard gecko

Skill      XL: |  1 |
---------------+----+-----
Dodging        | 2 |  2.0
Fighting       | |  0.4
Stealth        | |  1.7
Spellcasting   | |  2.1
Conjurations   | |  1.0
Ice Magic      | |  3.1

Action                   || total
-------------------------++-------
Melee: Dagger            ||    39
       Unarmed           ||    10
       Tailslap          ||     3
Armor: Skin              ||    48
Dodge: Dodged            ||    79
